[ PARTIDA AOE2 · #473570225 ]
UnrankedJemeres vs Franks
[ ANÁLISIS DE REPETICIÓN · EXTRAÍDO DE LA PARTIDA GRABADA ]
Feudal
11:46
Castillos
14:32
Imperial
28:08
| APM promedio | 98.6 |
| APM pico | 160 |
| eAPM promedio | 68.9 |
| Aldeanos / militares | 148 / 345 |
Foco
⚔️ 22.8% · 🌾 77.2%
Spearman ×284 · Scorpion ×35 · Battering Ram ×18 · Mangonel ×7 · Trebuchet (Packed) ×1
Feudal
11:30
Castillos
15:34
Imperial
28:36
| APM promedio | 43.5 |
| APM pico | 88 |
| eAPM promedio | 21.3 |
| Aldeanos / militares | 143 / 256 |
Foco
⚔️ 29.7% · 🌾 70.3%
Knight ×153 · Skirmisher ×99 · Bombard Cannon ×3 · Trebuchet (Packed) ×1
Feudal
11:23
Castillos
15:04
Imperial
41:42
| APM promedio | 40.3 |
| APM pico | 79 |
| eAPM promedio | 22.1 |
| Aldeanos / militares | 183 / 95 |
Foco
⚔️ 38.0% · 🌾 62.0%
Skirmisher ×67 · Unknown (1952) ×42 · Scout Cavalry ×24 · Unknown (1944) ×9 · Trade Cart ×5 · Mangonel ×4
Feudal
10:54
Castillos
14:49
Imperial
40:57
| APM promedio | 51.1 |
| APM pico | 85 |
| eAPM promedio | 26.5 |
| Aldeanos / militares | 158 / 143 |
Foco
⚔️ 32.4% · 🌾 67.6%
Battering Ram ×58 · Scorpion ×53 · Spearman ×26 · Woad Raider ×4 · Monk ×1 · Mangonel ×1
Feudal
10:35
Castillos
16:30
Imperial
34:22
| APM promedio | 45.5 |
| APM pico | 85 |
| eAPM promedio | 25.1 |
| Aldeanos / militares | 111 / 98 |
Foco
⚔️ 21.6% · 🌾 78.4%
Skirmisher ×50 · Conquistador ×37 · Bombard Cannon ×5 · Battering Ram ×3 · Petard ×2 · Mangonel ×1
Feudal
10:56
Castillos
14:34
Imperial
34:47
| APM promedio | 50.8 |
| APM pico | 94 |
| eAPM promedio | 26.3 |
| Aldeanos / militares | 152 / 238 |
Foco
⚔️ 50.2% · 🌾 49.8%
Skirmisher ×127 · Conquistador ×97 · Bombard Cannon ×6 · Trebuchet (Packed) ×4 · Archer ×2 · Battering Ram ×2
Feudal
9:42
Castillos
13:28
Imperial
39:15
| APM promedio | 44.2 |
| APM pico | 82 |
| eAPM promedio | 27.9 |
| Aldeanos / militares | 170 / 75 |
Foco
⚔️ 42.6% · 🌾 57.4%
Archer ×39 · Bombard Cannon ×14 · Shotel Warrior ×13 · Mangonel ×5 · Monk ×2 · Scorpion ×1
Feudal
11:27
Castillos
14:57
Imperial
25:09
| APM promedio | 53.1 |
| APM pico | 117 |
| eAPM promedio | 21.0 |
| Aldeanos / militares | 115 / 190 |
Foco
⚔️ 50.0% · 🌾 50.0%
Archer ×190 · Unknown (1942) ×12 · Unknown (1959) ×8
Mapa de la partida
Recursos iniciales + cada clic de construcción. Líneas = muros · curvas = relieve. ◆ oro · ⬟ piedra · ● bayas · ✦ reliquia · ◌ hueco del cierre
Tu base· ✓ Cerrada en 14:32 · 0t muro · 2 puerta(s)
Base de 鯊魚88· ✓ Cerrada en 15:34 · 0t muro · 2 puerta(s)
Base de 鯊魚89· ✓ Cerrada en 15:04 · 0t muro · 2 puerta(s)
Base de 3Q9527· ✓ Cerrada en 14:49 · 0t muro · 4 puerta(s)
Base de 鱉魚88· ✓ Cerrada en 16:30 · 0t muro · 2 puerta(s)
Base de kenny yip· ✓ Cerrada en 14:34 · 0t muro · 2 puerta(s)
Base de 新手上路 請多關照· ✓ Cerrada en 13:28 · 0t muro · 2 puerta(s)
Base de warship22525· ✓ Cerrada en 14:57 · 0t muro · 2 puerta(s)
Terreno inicial suavizado · ◌ = hueco del cierre detectado · pasá el cursor para detalles
Inputs por minuto
— ahnimah - - 鯊魚88
Build order — ahnimah
Primeras 150 de 690 acciones detectadas
| 0:00 | Crear | Villager (Male) |
| 0:02 | Construir | House |
| 0:04 | Construir | House |
| 0:07 | Crear | Villager (Male) |
| 0:07 | Crear | Villager (Male) |
| 0:12 | Crear | Villager (Male) |
| 1:25 | Crear | Villager (Male) |
| 1:25 | Crear | Villager (Male) |
| 1:44 | Construir | Lumber Camp |
| 1:58 | Crear | Villager (Male) |
| 2:16 | Crear | Villager (Male) |
| 2:16 | Crear | Villager (Male) |
| 2:46 | Crear | Villager (Male) |
| 2:46 | Crear | Villager (Male) |
| 3:00 | Crear | Villager (Male) |
| 3:00 | Crear | Villager (Male) |
| 3:32 | Crear | Villager (Male) |
| 3:49 | Construir | House |
| 3:49 | Construir | House |
| 3:56 | Crear | Villager (Male) |
| 4:33 | Crear | Villager (Male) |
| 4:33 | Crear | Villager (Male) |
| 4:39 | Construir | Mill |
| 4:48 | Crear | Villager (Male) |
| 5:13 | Crear | Villager (Male) |
| 5:13 | Crear | Villager (Male) |
| 5:31 | Crear | Villager (Male) |
| 5:31 | Crear | Villager (Male) |
| 5:34 | Crear | Villager (Male) |
| 5:34 | Crear | Villager (Male) |
| 5:46 | Crear | Villager (Male) |
| 6:06 | Crear | Villager (Male) |
| 6:46 | Construir | Farm |
| 7:10 | Construir | Farm |
| 7:30 | Crear | Villager (Male) |
| 7:31 | Crear | Villager (Male) |
| 7:33 | Construir | Farm |
| 7:58 | Construir | Mining Camp |
| 8:23 | Construir | Farm |
| 8:30 | Construir | House |
| 8:41 | Crear | Villager (Male) |
| 8:57 | Crear | Villager (Male) |
| 9:03 | Investigar | Feudal Age |
| 9:18 | Construir | Farm |
| 11:13 | Construir | Farm |
| 11:16 | Construir | Farm |
| 11:18 | Construir | Farm |
| 11:42 | Construir | Farm |
| 11:46 | Edad | Edad Feudal |
| 11:52 | Investigar | Castle Age |
| 12:18 | Investigar | Double-Bit Axe |
| 12:49 | Crear | Villager (Male) |
| 13:11 | Crear | Villager (Male) |
| 13:28 | Investigar | Horse Collar |
| 13:28 | Investigar | Horse Collar |
| 13:32 | Construir | House |
| 13:33 | Construir | House |
| 13:54 | Crear | Villager (Male) |
| 13:55 | Crear | Villager (Male) |
| 13:55 | Crear | Villager (Male) |
| 14:04 | Crear | Villager (Male) |
| 14:04 | Crear | Villager (Male) |
| 14:08 | Crear | Villager (Male) |
| 14:12 | Construir | Mining Camp |
| 14:20 | Crear | Villager (Male) |
| 14:20 | Crear | Villager (Male) |
| 14:29 | Crear | Villager (Male) |
| 14:29 | Crear | Villager (Male) |
| 14:32 | Edad | Edad de los Castillos |
| 14:34 | Construir | Town Center |
| 14:46 | Construir | Town Center |
| 14:49 | Investigar | Heavy Plow |
| 14:49 | Investigar | Heavy Plow |
| 14:59 | Crear | Villager (Male) |
| 15:09 | Crear | Villager (Male) |
| 15:15 | Crear | Villager (Male) |
| 15:32 | Crear | Villager (Male) |
| 15:39 | Crear | Villager (Male) |
| 15:47 | Crear | Villager (Male) |
| 15:47 | Crear | Villager (Male) |
| 16:00 | Crear | Villager (Male) |
| 16:00 | Crear | Villager (Male) |
| 16:07 | Crear | Villager (Male) |
| 16:08 | Crear | Villager (Male) |
| 16:08 | Crear | Villager (Male) |
| 16:08 | Crear | Villager (Male) |
| 16:08 | Crear | Villager (Male) |
| 16:11 | Crear | Villager (Male) |
| 16:23 | Crear | Villager (Male) |
| 16:23 | Crear | Villager (Male) |
| 16:36 | Construir | Farm |
| 16:37 | Construir | Farm |
| 16:43 | Crear | Villager (Male) |
| 16:50 | Crear | Villager (Male) |
| 16:58 | Crear | Villager (Male) |
| 17:00 | Construir | Farm |
| 17:09 | Crear | Villager (Male) |
| 17:09 | Crear | Villager (Male) |
| 17:22 | Crear | Villager (Male) |
| 17:22 | Crear | Villager (Male) |
| 17:37 | Crear | Villager (Male) |
| 17:45 | Construir | Farm |
| 17:47 | Construir | Farm |
| 17:50 | Crear | Villager (Male) |
| 17:51 | Crear | Villager (Male) |
| 17:58 | Construir | Farm |
| 18:03 | Construir | Farm |
| 18:07 | Crear | Villager (Male) |
| 18:07 | Crear | Villager (Male) |
| 18:10 | Construir | Farm |
| 18:11 | Construir | Farm |
| 18:12 | Construir | Farm |
| 18:13 | Construir | Farm |
| 18:14 | Construir | Farm |
| 18:14 | Construir | Farm |
| 18:15 | Crear | Villager (Male) |
| 18:27 | Construir | House |
| 18:28 | Construir | House |
| 18:46 | Construir | Farm |
| 18:53 | Construir | House |
| 18:54 | Crear | Villager (Male) |
| 18:54 | Crear | Villager (Male) |
| 18:59 | Crear | Villager (Male) |
| 19:01 | Construir | Farm |
| 19:05 | Construir | Farm |
| 19:05 | Construir | Farm |
| 19:09 | Construir | Farm |
| 19:10 | Crear | Villager (Male) |
| 19:10 | Crear | Villager (Male) |
| 19:15 | Crear | Villager (Male) |
| 19:15 | Crear | Villager (Male) |
| 19:22 | Crear | Villager (Male) |
| 19:26 | Construir | Farm |
| 19:28 | Crear | Villager (Male) |
| 19:35 | Construir | Farm |
| 19:36 | Crear | Villager (Male) |
| 19:37 | Crear | Villager (Male) |
| 19:41 | Construir | House |
| 19:44 | Construir | House |
| 19:46 | Crear | Villager (Male) |
| 19:51 | Crear | Villager (Male) |
| 19:55 | Crear | Villager (Male) |
| 20:01 | Investigar | Wheelbarrow |
| 20:01 | Investigar | Wheelbarrow |
| 20:07 | Crear | Villager (Male) |
| 20:09 | Construir | Farm |
| 20:11 | Construir | Farm |
| 20:16 | Construir | Farm |
| 20:17 | Crear | Villager (Male) |
| 20:17 | Crear | Villager (Male) |
Build order — 鯊魚88
Primeras 150 de 474 acciones detectadas
| 0:03 | Construir | House |
| 0:04 | Construir | House |
| 0:06 | Construir | House |
| 0:09 | Crear | Villager (Male) |
| 0:09 | Crear | Villager (Male) |
| 0:09 | Crear | Villager (Male) |
| 0:36 | Crear | Villager (Male) |
| 1:36 | Crear | Villager (Male) |
| 1:58 | Construir | Lumber Camp |
| 2:13 | Crear | Villager (Male) |
| 2:33 | Crear | Villager (Male) |
| 3:12 | Crear | Villager (Male) |
| 3:12 | Crear | Villager (Male) |
| 3:55 | Crear | Villager (Male) |
| 3:55 | Crear | Villager (Male) |
| 4:39 | Crear | Villager (Male) |
| 4:44 | Crear | Villager (Male) |
| 4:45 | Crear | Villager (Male) |
| 5:18 | Crear | Villager (Male) |
| 5:45 | Construir | Mill |
| 5:46 | Crear | Villager (Male) |
| 5:47 | Crear | Villager (Male) |
| 6:08 | Construir | House |
| 6:09 | Construir | House |
| 6:54 | Crear | Villager (Male) |
| 6:55 | Crear | Villager (Male) |
| 7:21 | Construir | Farm |
| 7:47 | Construir | Farm |
| 7:57 | Crear | Villager (Male) |
| 7:57 | Crear | Villager (Male) |
| 7:58 | Crear | Villager (Male) |
| 8:28 | Construir | Farm |
| 9:09 | Construir | Mining Camp |
| 9:18 | Investigar | Feudal Age |
| 9:50 | Crear | Villager (Male) |
| 9:50 | Crear | Villager (Male) |
| 10:53 | Construir | Farm |
| 10:55 | Construir | Farm |
| 10:59 | Construir | Farm |
| 11:30 | Edad | Edad Feudal |
| 11:33 | Construir | Market |
| 12:13 | Crear | Villager (Male) |
| 12:21 | Construir | Blacksmith |
| 12:36 | Construir | House |
| 12:38 | Construir | House |
| 12:54 | Investigar | Castle Age |
| 12:54 | Investigar | Castle Age |
| 13:01 | Construir | House |
| 13:03 | Construir | House |
| 13:05 | Construir | House |
| 13:19 | Investigar | Double-Bit Axe |
| 14:26 | Construir | Farm |
| 14:30 | Construir | Farm |
| 15:08 | Construir | House |
| 15:34 | Edad | Edad de los Castillos |
| 15:37 | Construir | Town Center |
| 15:44 | Construir | Town Center |
| 15:51 | Crear | Villager (Male) |
| 15:51 | Crear | Villager (Male) |
| 15:58 | Construir | Farm |
| 16:24 | Construir | Farm |
| 16:26 | Crear | Villager (Male) |
| 16:36 | Crear | Villager (Male) |
| 16:44 | Construir | Farm |
| 16:47 | Construir | Farm |
| 17:15 | Crear | Villager (Male) |
| 17:16 | Crear | Villager (Male) |
| 17:17 | Crear | Villager (Male) |
| 17:18 | Crear | Villager (Male) |
| 17:40 | Construir | Farm |
| 17:42 | Crear | Villager (Male) |
| 17:42 | Crear | Villager (Male) |
| 17:42 | Crear | Villager (Male) |
| 17:43 | Crear | Villager (Male) |
| 17:43 | Crear | Villager (Male) |
| 17:43 | Crear | Villager (Male) |
| 17:44 | Crear | Villager (Male) |
| 17:47 | Construir | Farm |
| 17:47 | Construir | Farm |
| 17:47 | Construir | Farm |
| 17:51 | Investigar | Bow Saw |
| 17:53 | Crear | Villager (Male) |
| 17:53 | Crear | Villager (Male) |
| 18:09 | Construir | Farm |
| 18:13 | Crear | Villager (Male) |
| 18:13 | Crear | Villager (Male) |
| 18:29 | Construir | Farm |
| 18:30 | Construir | Farm |
| 18:37 | Crear | Villager (Male) |
| 18:38 | Crear | Villager (Male) |
| 18:40 | Construir | Farm |
| 18:46 | Crear | Villager (Male) |
| 18:57 | Construir | Outpost |
| 18:59 | Crear | Villager (Male) |
| 19:01 | Construir | Farm |
| 19:03 | Crear | Villager (Male) |
| 19:21 | Construir | Farm |
| 19:23 | Construir | Farm |
| 19:25 | Crear | Villager (Male) |
| 19:25 | Crear | Villager (Male) |
| 19:27 | Construir | Farm |
| 19:30 | Crear | Villager (Male) |
| 19:43 | Construir | Farm |
| 19:57 | Construir | Town Center |
| 19:59 | Crear | Villager (Male) |
| 19:59 | Crear | Villager (Male) |
| 20:00 | Crear | Villager (Male) |
| 20:00 | Crear | Villager (Male) |
| 20:08 | Construir | Farm |
| 20:11 | Crear | Villager (Male) |
| 20:21 | Construir | Farm |
| 20:25 | Crear | Villager (Male) |
| 20:25 | Crear | Villager (Male) |
| 20:25 | Crear | Villager (Male) |
| 20:26 | Crear | Villager (Male) |
| 20:35 | Investigar | Wheelbarrow |
| 20:35 | Investigar | Wheelbarrow |
| 20:39 | Crear | Villager (Male) |
| 20:39 | Crear | Villager (Male) |
| 20:43 | Construir | Farm |
| 20:48 | Crear | Villager (Male) |
| 20:58 | Construir | Farm |
| 21:04 | Construir | Farm |
| 21:04 | Construir | Farm |
| 21:05 | Construir | Farm |
| 21:05 | Construir | Farm |
| 21:05 | Construir | Farm |
| 21:05 | Construir | Farm |
| 21:09 | Crear | Villager (Male) |
| 21:10 | Crear | Villager (Male) |
| 21:10 | Crear | Villager (Male) |
| 21:10 | Crear | Villager (Male) |
| 21:21 | Construir | Farm |
| 21:21 | Construir | Farm |
| 21:21 | Construir | Farm |
| 21:21 | Construir | Farm |
| 21:22 | Construir | Farm |
| 21:29 | Construir | Farm |
| 21:33 | Construir | Farm |
| 21:34 | Crear | Villager (Male) |
| 21:35 | Crear | Villager (Male) |
| 21:35 | Crear | Villager (Male) |
| 21:35 | Crear | Villager (Male) |
| 21:58 | Construir | Farm |
| 22:05 | Construir | Farm |
| 22:06 | Crear | Villager (Male) |
| 22:06 | Crear | Villager (Male) |
| 22:06 | Crear | Villager (Male) |
| 22:07 | Crear | Villager (Male) |
| 22:07 | Crear | Villager (Male) |
Build order — 鯊魚89
Primeras 150 de 527 acciones detectadas
| 0:07 | Crear | Villager (Male) |
| 0:07 | Crear | Villager (Male) |
| 0:07 | Crear | Villager (Male) |
| 0:08 | Crear | Villager (Male) |
| 0:09 | Construir | House |
| 0:10 | Construir | House |
| 1:19 | Construir | Lumber Camp |
| 1:35 | Crear | Villager (Male) |
| 2:03 | Crear | Villager (Male) |
| 2:17 | Construir | House |
| 2:18 | Construir | House |
| 2:45 | Crear | Villager (Male) |
| 2:45 | Crear | Villager (Male) |
| 2:46 | Crear | Villager (Male) |
| 3:10 | Crear | Villager (Male) |
| 3:10 | Crear | Villager (Male) |
| 3:54 | Construir | House |
| 4:12 | Crear | Villager (Male) |
| 4:37 | Crear | Villager (Male) |
| 4:37 | Crear | Villager (Male) |
| 4:41 | Crear | Villager (Male) |
| 4:53 | Crear | Villager (Male) |
| 5:04 | Crear | Villager (Male) |
| 5:20 | Crear | Villager (Male) |
| 6:17 | Crear | Villager (Male) |
| 6:17 | Crear | Villager (Male) |
| 6:25 | Construir | Mill |
| 6:29 | Crear | Villager (Male) |
| 6:29 | Crear | Villager (Male) |
| 7:30 | Crear | Villager (Male) |
| 7:33 | Construir | Farm |
| 7:34 | Construir | Farm |
| 7:35 | Construir | Mining Camp |
| 7:38 | Crear | Villager (Male) |
| 8:32 | Construir | Farm |
| 8:35 | Construir | Farm |
| 9:13 | Investigar | Feudal Age |
| 9:58 | Crear | Villager (Male) |
| 9:58 | Crear | Villager (Male) |
| 10:01 | Investigar | Loom |
| 11:23 | Edad | Edad Feudal |
| 11:34 | Construir | Market |
| 11:37 | Construir | Blacksmith |
| 12:06 | Crear | Villager (Male) |
| 12:23 | Investigar | Castle Age |
| 12:57 | Crear | Villager (Male) |
| 13:03 | Investigar | Double-Bit Axe |
| 13:08 | Construir | Farm |
| 13:12 | Construir | Farm |
| 13:24 | Construir | House |
| 13:27 | Construir | House |
| 13:47 | Investigar | Town Watch |
| 13:56 | Investigar | Horse Collar |
| 14:01 | Construir | Farm |
| 14:21 | Crear | Villager (Male) |
| 14:41 | Crear | Villager (Male) |
| 15:02 | Crear | Villager (Male) |
| 15:04 | Edad | Edad de los Castillos |
| 15:09 | Construir | Outpost |
| 15:10 | Construir | Outpost |
| 15:15 | Construir | Town Center |
| 15:31 | Investigar | Bow Saw |
| 15:40 | Crear | Villager (Male) |
| 16:04 | Crear | Villager (Male) |
| 16:09 | Crear | Villager (Male) |
| 16:15 | Construir | Outpost |
| 16:17 | Construir | Outpost |
| 16:19 | Crear | Villager (Male) |
| 16:29 | Construir | House |
| 16:31 | Construir | House |
| 16:33 | Crear | Villager (Male) |
| 16:41 | Construir | Farm |
| 16:48 | Crear | Villager (Male) |
| 17:07 | Crear | Villager (Male) |
| 17:08 | Crear | Villager (Male) |
| 17:27 | Construir | Barracks |
| 17:29 | Crear | Villager (Male) |
| 17:35 | Investigar | Fletching |
| 17:38 | Crear | Villager (Male) |
| 17:53 | Crear | Villager (Male) |
| 18:00 | Construir | Farm |
| 18:02 | Construir | Farm |
| 18:14 | Construir | Farm |
| 18:23 | Crear | Villager (Male) |
| 18:24 | Crear | Villager (Male) |
| 18:25 | Crear | Villager (Male) |
| 18:32 | Construir | Archery Range |
| 18:36 | Crear | Villager (Male) |
| 18:54 | Construir | Archery Range |
| 19:03 | Construir | Farm |
| 19:06 | Crear | Villager (Male) |
| 19:08 | Crear | Villager (Male) |
| 19:11 | Crear | Villager (Male) |
| 19:11 | Crear | Villager (Male) |
| 19:13 | Crear | Villager (Male) |
| 19:20 | Construir | Farm |
| 19:23 | Construir | Farm |
| 19:35 | Crear | Villager (Male) |
| 19:36 | Crear | Unit 1952 |
| 19:51 | Investigar | Bodkin Arrow |
| 19:53 | Crear | Unit 1952 |
| 19:56 | Crear | Unit 1952 |
| 20:06 | Construir | Farm |
| 20:13 | Crear | Unit 1952 |
| 20:13 | Crear | Villager (Male) |
| 20:19 | Crear | Villager (Male) |
| 20:25 | Crear | Unit 1952 |
| 20:51 | Crear | Villager (Male) |
| 20:51 | Crear | Villager (Male) |
| 21:12 | Crear | Villager (Male) |
| 21:13 | Crear | Unit 1952 |
| 21:25 | Crear | Villager (Male) |
| 21:30 | Construir | House |
| 21:32 | Construir | House |
| 21:43 | Crear | Villager (Male) |
| 21:44 | Crear | Unit 1952 |
| 21:48 | Crear | Villager (Male) |
| 21:52 | Construir | Farm |
| 21:53 | Construir | Farm |
| 21:53 | Construir | Farm |
| 21:54 | Construir | Farm |
| 22:05 | Crear | Villager (Male) |
| 22:05 | Crear | Unit 1952 |
| 22:24 | Crear | Villager (Male) |
| 22:25 | Crear | Unit 1952 |
| 22:26 | Crear | Villager (Male) |
| 22:41 | Construir | University |
| 23:02 | Crear | Unit 1952 |
| 23:02 | Crear | Villager (Male) |
| 23:16 | Crear | Unit 1952 |
| 23:16 | Crear | Unit 1952 |
| 23:17 | Crear | Villager (Male) |
| 23:17 | Crear | Villager (Male) |
| 23:18 | Crear | Unit 1952 |
| 23:19 | Crear | Villager (Male) |
| 23:25 | Construir | Town Center |
| 23:32 | Construir | House |
| 23:42 | Crear | Unit 1952 |
| 23:52 | Investigar | Ballistics |
| 23:52 | Investigar | Ballistics |
| 23:53 | Crear | Villager (Male) |
| 23:55 | Crear | Unit 1952 |
| 23:55 | Crear | Villager (Male) |
| 24:02 | Crear | Villager (Male) |
| 24:04 | Construir | Stable |
| 24:10 | Crear | Unit 1952 |
| 24:11 | Crear | Villager (Male) |
| 24:21 | Construir | House |
| 24:23 | Construir | House |
| 24:32 | Crear | Unit 1952 |
Build order — 3Q9527
Primeras 150 de 460 acciones detectadas
| 0:01 | Crear | Villager (Male) |
| 0:01 | Crear | Villager (Male) |
| 0:02 | Construir | House |
| 0:03 | Construir | House |
| 0:09 | Crear | Villager (Male) |
| 0:10 | Crear | Villager (Male) |
| 0:10 | Crear | Villager (Male) |
| 1:33 | Crear | Villager (Male) |
| 1:55 | Construir | Lumber Camp |
| 2:00 | Crear | Villager (Male) |
| 2:19 | Crear | Villager (Male) |
| 2:57 | Crear | Villager (Male) |
| 3:15 | Crear | Villager (Male) |
| 3:23 | Crear | Villager (Male) |
| 3:32 | Construir | House |
| 3:44 | Construir | House |
| 3:44 | Construir | House |
| 4:11 | Crear | Villager (Male) |
| 4:42 | Construir | Mill |
| 4:59 | Crear | Villager (Male) |
| 5:15 | Crear | Villager (Male) |
| 5:15 | Crear | Villager (Male) |
| 5:15 | Crear | Villager (Male) |
| 5:20 | Crear | Villager (Male) |
| 6:00 | Crear | Villager (Male) |
| 6:01 | Crear | Villager (Male) |
| 6:26 | Crear | Villager (Male) |
| 6:40 | Crear | Villager (Male) |
| 7:06 | Crear | Villager (Male) |
| 8:25 | Investigar | Loom |
| 8:32 | Construir | Mining Camp |
| 8:38 | Investigar | Feudal Age |
| 9:27 | Construir | Palisade Gate |
| 9:34 | Construir | Palisade Gate |
| 9:42 | Construir | Palisade Gate |
| 10:42 | Crear | Villager (Male) |
| 10:42 | Investigar | Loom |
| 10:54 | Edad | Edad Feudal |
| 10:56 | Construir | Market |
| 10:57 | Construir | Blacksmith |
| 11:11 | Construir | House |
| 11:12 | Construir | House |
| 11:43 | Crear | Villager (Male) |
| 11:54 | Construir | Lumber Camp |
| 11:56 | Construir | Farm |
| 11:58 | Construir | Farm |
| 12:05 | Investigar | Castle Age |
| 12:24 | Construir | Farm |
| 12:39 | Construir | Farm |
| 13:04 | Construir | Farm |
| 13:18 | Investigar | Double-Bit Axe |
| 14:07 | Crear | Villager (Male) |
| 14:24 | Investigar | Gold Mining |
| 14:49 | Edad | Edad de los Castillos |
| 14:50 | Construir | Siege Workshop |
| 14:55 | Construir | Siege Workshop |
| 14:59 | Crear | Villager (Male) |
| 15:22 | Crear | Villager (Male) |
| 15:24 | Crear | Battering Ram |
| 15:37 | Crear | Battering Ram |
| 15:58 | Crear | Battering Ram |
| 16:02 | Crear | Battering Ram |
| 16:06 | Crear | Villager (Male) |
| 16:06 | Crear | Villager (Male) |
| 16:11 | Crear | Scorpion |
| 16:21 | Construir | House |
| 16:27 | Crear | Scorpion |
| 16:31 | Crear | Villager (Male) |
| 16:37 | Construir | House |
| 16:43 | Crear | Scorpion |
| 17:09 | Crear | Villager (Male) |
| 17:19 | Crear | Scorpion |
| 17:34 | Construir | University |
| 18:08 | Crear | Scorpion |
| 18:08 | Crear | Scorpion |
| 18:09 | Crear | Scorpion |
| 18:17 | Crear | Villager (Male) |
| 18:17 | Crear | Villager (Male) |
| 18:29 | Crear | Scorpion |
| 18:33 | Construir | House |
| 18:58 | Crear | Battering Ram |
| 19:29 | Crear | Villager (Male) |
| 19:30 | Crear | Villager (Male) |
| 19:30 | Crear | Villager (Male) |
| 19:35 | Investigar | Ballistics |
| 19:35 | Investigar | Ballistics |
| 20:13 | Crear | Battering Ram |
| 20:13 | Crear | Battering Ram |
| 20:27 | Construir | House |
| 20:44 | Crear | Battering Ram |
| 20:44 | Crear | Battering Ram |
| 21:10 | Crear | Battering Ram |
| 21:25 | Construir | House |
| 21:26 | Crear | Villager (Male) |
| 21:26 | Crear | Villager (Male) |
| 21:26 | Crear | Villager (Male) |
| 21:28 | Construir | Farm |
| 21:47 | Crear | Scorpion |
| 22:08 | Construir | Palisade Gate |
| 22:25 | Crear | Scorpion |
| 22:26 | Crear | Scorpion |
| 22:26 | Crear | Battering Ram |
| 22:41 | Construir | Siege Workshop |
| 23:29 | Crear | Scorpion |
| 23:29 | Crear | Scorpion |
| 23:31 | Crear | Villager (Male) |
| 23:32 | Crear | Villager (Male) |
| 23:32 | Crear | Villager (Male) |
| 23:32 | Crear | Villager (Male) |
| 23:38 | Construir | Town Center |
| 23:41 | Construir | Lumber Camp |
| 23:53 | Crear | Villager (Male) |
| 23:57 | Crear | Villager (Male) |
| 24:01 | Investigar | Horse Collar |
| 24:11 | Crear | Scorpion |
| 24:22 | Crear | Villager (Male) |
| 24:24 | Construir | Farm |
| 24:25 | Crear | Villager (Male) |
| 24:26 | Crear | Villager (Male) |
| 24:30 | Crear | Battering Ram |
| 24:31 | Crear | Battering Ram |
| 24:46 | Crear | Villager (Male) |
| 24:50 | Investigar | Wheelbarrow |
| 24:52 | Construir | Farm |
| 24:55 | Construir | Farm |
| 24:58 | Construir | Farm |
| 25:01 | Construir | Farm |
| 25:10 | Crear | Battering Ram |
| 25:20 | Crear | Villager (Male) |
| 25:29 | Crear | Battering Ram |
| 25:29 | Crear | Battering Ram |
| 25:40 | Crear | Villager (Male) |
| 25:51 | Construir | Farm |
| 25:53 | Crear | Villager (Male) |
| 25:55 | Crear | Villager (Male) |
| 26:21 | Crear | Villager (Male) |
| 26:32 | Crear | Battering Ram |
| 26:32 | Crear | Scorpion |
| 26:43 | Crear | Villager (Male) |
| 26:43 | Crear | Villager (Male) |
| 26:46 | Construir | Farm |
| 26:53 | Construir | House |
| 26:54 | Construir | House |
| 26:54 | Construir | House |
| 27:11 | Crear | Battering Ram |
| 27:39 | Crear | Scorpion |
| 28:15 | Crear | Villager (Male) |
| 28:15 | Crear | Villager (Male) |
| 28:16 | Crear | Villager (Male) |
| 28:17 | Construir | Farm |
Build order — 鱉魚88
Primeras 150 de 364 acciones detectadas
| 0:02 | Construir | House |
| 0:04 | Construir | House |
| 0:04 | Crear | Villager (Male) |
| 0:05 | Crear | Villager (Male) |
| 0:05 | Crear | Villager (Male) |
| 0:05 | Crear | Villager (Male) |
| 1:28 | Crear | Villager (Male) |
| 1:52 | Construir | Lumber Camp |
| 2:02 | Construir | Lumber Camp |
| 2:04 | Crear | Villager (Male) |
| 2:13 | Crear | Villager (Male) |
| 2:40 | Crear | Villager (Male) |
| 3:15 | Crear | Villager (Male) |
| 3:45 | Crear | Villager (Male) |
| 4:07 | Crear | Villager (Male) |
| 4:12 | Construir | House |
| 4:19 | Crear | Villager (Male) |
| 4:57 | Crear | Villager (Male) |
| 5:04 | Construir | House |
| 5:08 | Crear | Villager (Male) |
| 5:35 | Crear | Villager (Male) |
| 5:36 | Construir | House |
| 5:58 | Construir | Mill |
| 6:07 | Crear | Villager (Male) |
| 6:07 | Crear | Villager (Male) |
| 6:27 | Crear | Villager (Male) |
| 7:27 | Crear | Villager (Male) |
| 7:28 | Crear | Villager (Male) |
| 7:37 | Construir | Farm |
| 7:59 | Construir | Mining Camp |
| 8:03 | Construir | Mining Camp |
| 8:08 | Crear | Villager (Male) |
| 8:08 | Crear | Villager (Male) |
| 8:25 | Investigar | Feudal Age |
| 8:38 | Construir | Farm |
| 8:50 | Construir | House |
| 10:34 | Crear | Villager (Male) |
| 10:35 | Edad | Edad Feudal |
| 10:41 | Construir | Blacksmith |
| 10:56 | Crear | Villager (Male) |
| 11:09 | Construir | Market |
| 11:36 | Construir | Farm |
| 11:39 | Crear | Villager (Male) |
| 11:56 | Construir | House |
| 12:00 | Construir | Farm |
| 12:07 | Crear | Villager (Male) |
| 12:33 | Crear | Villager (Male) |
| 12:34 | Construir | Farm |
| 12:51 | Crear | Villager (Male) |
| 13:01 | Construir | Farm |
| 13:25 | Crear | Villager (Male) |
| 13:27 | Construir | Farm |
| 13:42 | Investigar | Castle Age |
| 13:54 | Construir | Farm |
| 14:05 | Investigar | Double-Bit Axe |
| 14:50 | Investigar | Horse Collar |
| 16:08 | Crear | Villager (Male) |
| 16:12 | Construir | Farm |
| 16:13 | Construir | Farm |
| 16:13 | Construir | Farm |
| 16:13 | Construir | Farm |
| 16:14 | Construir | Farm |
| 16:14 | Construir | Farm |
| 16:30 | Edad | Edad de los Castillos |
| 16:33 | Construir | Barracks |
| 16:49 | Construir | Castle |
| 16:55 | Construir | Farm |
| 16:57 | Crear | Villager (Male) |
| 16:57 | Crear | Villager (Male) |
| 16:58 | Crear | Villager (Male) |
| 17:08 | Construir | Farm |
| 17:09 | Crear | Villager (Male) |
| 18:07 | Construir | House |
| 18:08 | Construir | House |
| 18:08 | Crear | Conquistador |
| 18:09 | Crear | Conquistador |
| 18:14 | Crear | Petard |
| 18:14 | Crear | Petard |
| 18:17 | Crear | Villager (Male) |
| 18:38 | Construir | Farm |
| 18:42 | Construir | Farm |
| 18:50 | Crear | Villager (Male) |
| 18:51 | Investigar | Wheelbarrow |
| 18:55 | Crear | Conquistador |
| 18:55 | Crear | Conquistador |
| 18:57 | Construir | House |
| 18:57 | Construir | House |
| 19:11 | Construir | Farm |
| 19:17 | Investigar | Bow Saw |
| 19:19 | Crear | Conquistador |
| 19:20 | Crear | Conquistador |
| 19:26 | Investigar | Padded Archer Armor |
| 19:29 | Construir | House |
| 19:34 | Crear | Conquistador |
| 19:38 | Construir | Farm |
| 19:44 | Crear | Conquistador |
| 19:47 | Construir | House |
| 19:48 | Construir | House |
| 20:29 | Crear | Conquistador |
| 20:30 | Crear | Conquistador |
| 20:33 | Crear | Villager (Male) |
| 21:10 | Construir | Stable |
| 21:12 | Crear | Villager (Male) |
| 21:13 | Construir | Farm |
| 21:14 | Crear | Villager (Male) |
| 21:34 | Crear | Conquistador |
| 21:34 | Crear | Conquistador |
| 22:23 | Construir | Town Center |
| 22:25 | Crear | Villager (Male) |
| 22:25 | Crear | Villager (Male) |
| 22:26 | Crear | Conquistador |
| 22:27 | Crear | Conquistador |
| 22:27 | Crear | Conquistador |
| 22:52 | Crear | Conquistador |
| 22:53 | Crear | Conquistador |
| 22:56 | Investigar | Leather Archer Armor |
| 23:01 | Crear | Villager (Male) |
| 23:37 | Crear | Villager (Male) |
| 23:43 | Construir | Farm |
| 23:44 | Construir | Farm |
| 23:44 | Construir | Farm |
| 23:44 | Construir | Farm |
| 23:44 | Construir | Farm |
| 23:46 | Crear | Villager (Male) |
| 23:46 | Crear | Villager (Male) |
| 23:49 | Crear | Villager (Male) |
| 23:59 | Crear | Conquistador |
| 24:00 | Crear | Conquistador |
| 24:09 | Construir | House |
| 24:10 | Construir | House |
| 24:11 | Investigar | Bloodlines |
| 24:27 | Crear | Villager (Male) |
| 24:27 | Crear | Villager (Male) |
| 24:34 | Construir | Lumber Camp |
| 24:39 | Crear | Villager (Male) |
| 25:21 | Construir | Siege Workshop |
| 25:30 | Crear | Villager (Male) |
| 25:32 | Crear | Villager (Male) |
| 25:34 | Crear | Conquistador |
| 25:34 | Crear | Conquistador |
| 25:34 | Crear | Conquistador |
| 25:35 | Crear | Conquistador |
| 25:51 | Construir | Farm |
| 25:52 | Crear | Villager (Male) |
| 25:53 | Crear | Villager (Male) |
| 25:53 | Crear | Villager (Male) |
| 26:03 | Crear | Mangonel |
| 26:13 | Construir | Siege Workshop |
| 26:23 | Investigar | Town Watch |
| 26:34 | Crear | Conquistador |
Build order — kenny yip
Primeras 150 de 446 acciones detectadas
| 0:01 | Crear | Villager (Male) ×4 |
| 0:02 | Construir | House |
| 0:08 | Construir | House |
| 1:30 | Crear | Villager (Male) |
| 1:44 | Construir | Lumber Camp |
| 1:55 | Crear | Villager (Male) |
| 2:18 | Crear | Villager (Male) |
| 2:45 | Crear | Villager (Male) |
| 3:10 | Crear | Villager (Male) |
| 3:24 | Construir | Mill |
| 3:36 | Crear | Villager (Male) |
| 3:36 | Crear | Villager (Male) |
| 3:50 | Construir | House |
| 4:01 | Crear | Villager (Male) |
| 4:07 | Construir | House |
| 4:08 | Construir | House |
| 4:15 | Construir | House |
| 4:37 | Crear | Villager (Male) |
| 5:10 | Crear | Villager (Male) |
| 5:24 | Crear | Villager (Male) |
| 5:25 | Crear | Villager (Male) |
| 5:25 | Crear | Villager (Male) |
| 5:52 | Construir | Farm |
| 5:55 | Construir | Farm |
| 6:43 | Crear | Villager (Male) |
| 7:13 | Construir | Mining Camp |
| 7:15 | Crear | Villager (Male) |
| 7:19 | Crear | Villager (Male) |
| 7:45 | Crear | Villager (Male) |
| 7:57 | Construir | Farm |
| 8:28 | Investigar | Feudal Age |
| 8:31 | Construir | Mining Camp |
| 9:07 | Crear | Villager (Male) |
| 9:07 | Crear | Villager (Male) |
| 10:56 | Edad | Edad Feudal |
| 10:59 | Construir | Market |
| 11:01 | Construir | Blacksmith |
| 11:54 | Investigar | Castle Age |
| 12:29 | Investigar | Double-Bit Axe |
| 12:37 | Construir | House |
| 12:52 | Investigar | Horse Collar |
| 13:16 | Construir | Farm |
| 13:35 | Crear | Villager (Male) |
| 14:02 | Construir | Farm |
| 14:04 | Crear | Villager (Male) |
| 14:34 | Edad | Edad de los Castillos |
| 14:44 | Construir | Castle |
| 14:50 | Crear | Villager (Male) |
| 15:07 | Investigar | Bow Saw |
| 15:12 | Construir | Farm |
| 15:14 | Construir | Farm |
| 15:30 | Crear | Villager (Male) |
| 15:34 | Construir | Farm |
| 15:45 | Crear | Villager (Male) |
| 15:52 | Crear | Conquistador |
| 15:56 | Crear | Conquistador |
| 16:13 | Construir | Farm |
| 16:29 | Crear | Conquistador |
| 16:38 | Construir | Farm |
| 16:44 | Crear | Villager (Male) |
| 16:44 | Crear | Villager (Male) |
| 16:56 | Crear | Conquistador |
| 17:22 | Crear | Conquistador |
| 17:39 | Crear | Conquistador |
| 17:48 | Construir | Farm |
| 17:51 | Construir | Farm |
| 17:54 | Construir | Farm |
| 17:55 | Crear | Villager (Male) |
| 18:07 | Crear | Villager (Male) |
| 18:35 | Crear | Conquistador |
| 18:41 | Crear | Villager (Male) |
| 18:59 | Crear | Conquistador |
| 18:59 | Crear | Conquistador |
| 19:18 | Crear | Villager (Male) |
| 19:26 | Crear | Villager (Male) |
| 19:43 | Crear | Conquistador |
| 19:58 | Crear | Conquistador |
| 20:15 | Construir | Farm |
| 20:15 | Construir | Farm |
| 20:16 | Construir | Farm |
| 20:17 | Crear | Villager (Male) |
| 20:28 | Crear | Conquistador |
| 20:28 | Crear | Conquistador |
| 20:46 | Crear | Villager (Male) |
| 20:50 | Construir | Lumber Camp |
| 20:53 | Construir | House |
| 20:53 | Crear | Villager (Male) |
| 21:09 | Crear | Villager (Male) |
| 21:12 | Construir | Farm |
| 21:14 | Construir | Farm |
| 21:14 | Construir | Farm |
| 21:15 | Construir | Farm |
| 21:15 | Crear | Villager (Male) |
| 21:26 | Crear | Villager (Male) |
| 21:35 | Crear | Conquistador |
| 21:40 | Crear | Conquistador |
| 21:45 | Crear | Villager (Male) |
| 21:52 | Crear | Villager (Male) |
| 22:00 | Construir | Town Center |
| 22:06 | Crear | Conquistador |
| 22:06 | Crear | Conquistador |
| 22:20 | Crear | Conquistador |
| 22:29 | Crear | Villager (Male) |
| 22:46 | Crear | Villager (Male) |
| 22:48 | Crear | Conquistador |
| 22:56 | Crear | Villager (Male) |
| 23:03 | Crear | Villager (Male) |
| 23:05 | Construir | Farm |
| 23:05 | Construir | Farm |
| 23:05 | Construir | Farm |
| 23:09 | Construir | House |
| 23:10 | Construir | House |
| 23:17 | Crear | Conquistador |
| 23:18 | Crear | Conquistador |
| 23:26 | Crear | Villager (Male) |
| 23:26 | Crear | Villager (Male) |
| 23:32 | Investigar | Padded Archer Armor |
| 23:32 | Crear | Villager (Male) |
| 23:38 | Crear | Villager (Male) |
| 23:43 | Crear | Villager (Male) |
| 23:55 | Construir | Farm |
| 23:55 | Construir | Farm |
| 23:56 | Construir | Farm |
| 23:56 | Construir | Farm |
| 23:56 | Construir | Farm |
| 23:56 | Crear | Villager (Male) |
| 23:57 | Crear | Villager (Male) |
| 24:08 | Crear | Conquistador |
| 24:13 | Crear | Villager (Male) |
| 24:16 | Construir | Farm |
| 24:16 | Construir | Farm |
| 24:17 | Construir | Farm |
| 24:17 | Crear | Villager (Male) |
| 24:22 | Construir | House |
| 24:23 | Construir | House |
| 24:23 | Construir | House |
| 24:23 | Construir | House |
| 24:34 | Crear | Conquistador |
| 24:34 | Crear | Conquistador |
| 24:54 | Crear | Villager (Male) |
| 24:54 | Crear | Villager (Male) |
| 25:06 | Crear | Conquistador |
| 25:06 | Crear | Conquistador |
| 25:10 | Construir | Barracks |
| 25:12 | Crear | Villager (Male) |
| 25:13 | Crear | Villager (Male) |
| 25:27 | Crear | Conquistador |
| 25:32 | Crear | Villager (Male) |
| 25:35 | Construir | House |
| 25:35 | Construir | House |
Build order — 新手上路 請多關照
Primeras 150 de 384 acciones detectadas
| 0:00 | Crear | Villager (Male) |
| 0:01 | Crear | Villager (Male) |
| 0:02 | Construir | House |
| 0:04 | Construir | House |
| 0:15 | Crear | Villager (Male) |
| 0:15 | Crear | Villager (Male) |
| 1:15 | Crear | Villager (Male) |
| 1:43 | Construir | Lumber Camp |
| 1:48 | Crear | Villager (Male) |
| 2:04 | Crear | Villager (Male) |
| 2:29 | Crear | Villager (Male) |
| 3:02 | Crear | Villager (Male) |
| 3:26 | Crear | Villager (Male) |
| 3:48 | Construir | House |
| 3:50 | Construir | House |
| 3:54 | Crear | Villager (Male) |
| 4:04 | Crear | Villager (Male) |
| 4:25 | Crear | Villager (Male) |
| 4:39 | Construir | Mill |
| 4:57 | Crear | Villager (Male) |
| 5:33 | Crear | Villager (Male) |
| 5:40 | Crear | Villager (Male) |
| 6:11 | Crear | Villager (Male) |
| 6:37 | Construir | Farm |
| 6:46 | Construir | Farm |
| 6:49 | Construir | Farm |
| 6:53 | Crear | Villager (Male) |
| 7:32 | Investigar | Feudal Age |
| 7:32 | Investigar | Feudal Age |
| 8:33 | Crear | Villager (Male) |
| 8:33 | Crear | Villager (Male) |
| 9:42 | Edad | Edad Feudal |
| 9:45 | Crear | Villager (Male) |
| 9:51 | Construir | Market |
| 9:53 | Construir | Blacksmith |
| 10:48 | Investigar | Castle Age |
| 10:56 | Investigar | Double-Bit Axe |
| 11:30 | Investigar | Horse Collar |
| 11:30 | Investigar | Horse Collar |
| 11:51 | Crear | Villager (Male) |
| 11:51 | Crear | Villager (Male) |
| 11:59 | Construir | House |
| 13:28 | Edad | Edad de los Castillos |
| 13:32 | Construir | Town Center |
| 13:45 | Construir | Town Center |
| 13:58 | Crear | Villager (Male) |
| 14:11 | Investigar | Bow Saw |
| 14:20 | Crear | Villager (Male) |
| 14:35 | Construir | Farm |
| 14:45 | Crear | Villager (Male) |
| 14:56 | Construir | Farm |
| 14:57 | Crear | Villager (Male) |
| 14:57 | Crear | Villager (Male) |
| 14:57 | Crear | Villager (Male) |
| 14:59 | Crear | Villager (Male) |
| 15:10 | Crear | Villager (Male) |
| 15:11 | Crear | Villager (Male) |
| 15:11 | Crear | Villager (Male) |
| 15:20 | Construir | Farm |
| 15:24 | Construir | Farm |
| 15:32 | Construir | House |
| 15:34 | Crear | Villager (Male) |
| 15:37 | Construir | Farm |
| 15:40 | Construir | Farm |
| 15:53 | Construir | Farm |
| 15:54 | Crear | Villager (Male) |
| 15:54 | Crear | Villager (Male) |
| 16:01 | Construir | Farm |
| 16:06 | Construir | Farm |
| 16:15 | Construir | Farm |
| 16:17 | Crear | Villager (Male) |
| 16:17 | Crear | Villager (Male) |
| 16:20 | Construir | House |
| 16:22 | Construir | House |
| 16:25 | Crear | Villager (Male) |
| 16:27 | Construir | Farm |
| 16:37 | Construir | Farm |
| 16:45 | Construir | Farm |
| 16:46 | Crear | Villager (Male) |
| 16:46 | Crear | Villager (Male) |
| 16:53 | Construir | Farm |
| 16:57 | Construir | Farm |
| 16:59 | Crear | Villager (Male) |
| 17:00 | Investigar | Loom |
| 17:13 | Construir | Gate |
| 17:20 | Construir | House |
| 17:31 | Crear | Villager (Male) |
| 17:32 | Crear | Villager (Male) |
| 17:37 | Crear | Villager (Male) |
| 17:48 | Construir | Gate |
| 17:50 | Crear | Villager (Male) |
| 17:56 | Construir | Siege Workshop |
| 18:12 | Crear | Villager (Male) |
| 18:12 | Crear | Villager (Male) |
| 18:33 | Crear | Mangonel |
| 18:42 | Construir | Gate |
| 18:49 | Crear | Villager (Male) |
| 18:50 | Crear | Villager (Male) |
| 18:50 | Crear | Villager (Male) |
| 19:23 | Investigar | Fletching |
| 19:58 | Crear | Mangonel |
| 20:01 | Crear | Villager (Male) |
| 20:01 | Crear | Villager (Male) |
| 21:13 | Crear | Villager (Male) |
| 21:14 | Crear | Villager (Male) |
| 21:22 | Crear | Villager (Male) |
| 21:22 | Crear | Mangonel |
| 21:33 | Construir | Gate |
| 22:24 | Crear | Villager (Male) |
| 22:50 | Construir | Stone Wall |
| 22:53 | Crear | Villager (Male) |
| 22:53 | Crear | Villager (Male) |
| 23:23 | Crear | Villager (Male) |
| 23:46 | Construir | Siege Workshop |
| 24:25 | Construir | Stone Wall |
| 25:15 | Crear | Mangonel |
| 25:15 | Crear | Mangonel |
| 25:37 | Crear | Villager (Male) |
| 25:51 | Crear | Villager (Male) |
| 25:59 | Construir | House |
| 26:02 | Crear | Villager (Male) |
| 26:16 | Crear | Villager (Male) |
| 26:25 | Crear | Villager (Male) |
| 26:25 | Crear | Villager (Male) |
| 26:34 | Crear | Villager (Male) |
| 26:48 | Crear | Villager (Male) |
| 26:54 | Construir | House |
| 26:55 | Construir | House |
| 27:04 | Crear | Villager (Male) |
| 27:07 | Construir | Farm |
| 27:10 | Crear | Villager (Male) |
| 27:32 | Crear | Villager (Male) |
| 27:32 | Crear | Villager (Male) |
| 27:32 | Crear | Villager (Male) |
| 27:44 | Crear | Villager (Male) |
| 27:44 | Crear | Villager (Male) |
| 27:55 | Crear | Villager (Male) |
| 28:03 | Construir | Town Center |
| 28:12 | Crear | Villager (Male) |
| 28:14 | Construir | House |
| 28:17 | Construir | House |
| 28:20 | Crear | Villager (Male) |
| 28:21 | Crear | Villager (Male) |
| 28:34 | Crear | Villager (Male) |
| 28:48 | Investigar | Wheelbarrow |
| 28:59 | Crear | Villager (Male) |
| 29:03 | Construir | Farm |
| 29:04 | Construir | Farm |
| 29:07 | Crear | Villager (Male) |
| 29:08 | Crear | Villager (Male) |
Build order — warship22525
Primeras 150 de 448 acciones detectadas
| 0:06 | Crear | Villager (Male) |
| 0:07 | Crear | Villager (Male) |
| 0:07 | Crear | Villager (Male) |
| 0:08 | Construir | House |
| 0:09 | Construir | House |
| 0:19 | Crear | Villager (Male) |
| 0:19 | Crear | Villager (Male) |
| 1:28 | Crear | Villager (Male) |
| 1:57 | Construir | Lumber Camp |
| 2:06 | Crear | Villager (Male) |
| 2:06 | Crear | Villager (Male) |
| 2:19 | Crear | Villager (Male) |
| 2:19 | Crear | Villager (Male) |
| 2:52 | Crear | Villager (Male) |
| 2:52 | Crear | Villager (Male) |
| 3:12 | Crear | Villager (Male) |
| 3:12 | Crear | Villager (Male) |
| 3:31 | Construir | House |
| 3:50 | Crear | Villager (Male) |
| 3:50 | Crear | Villager (Male) |
| 4:02 | Construir | House |
| 4:06 | Crear | Villager (Male) |
| 4:27 | Construir | Mill |
| 4:36 | Construir | House |
| 4:41 | Crear | Villager (Male) |
| 4:41 | Crear | Villager (Male) |
| 5:11 | Crear | Villager (Male) |
| 5:34 | Crear | Villager (Male) |
| 5:50 | Crear | Villager (Male) |
| 6:02 | Crear | Villager (Male) |
| 6:11 | Crear | Villager (Male) |
| 6:29 | Crear | Villager (Male) |
| 6:35 | Crear | Villager (Male) |
| 6:57 | Crear | Villager (Male) |
| 7:38 | Crear | Villager (Male) |
| 8:11 | Construir | Mining Camp |
| 8:33 | Crear | Villager (Male) |
| 9:00 | Investigar | Feudal Age |
| 9:01 | Investigar | Feudal Age |
| 9:18 | Crear | Villager (Male) |
| 9:27 | Crear | Villager (Male) |
| 9:27 | Crear | Villager (Male) |
| 9:37 | Crear | Villager (Male) |
| 9:38 | Crear | Villager (Male) |
| 10:21 | Construir | House |
| 11:27 | Edad | Edad Feudal |
| 11:29 | Construir | Market |
| 11:32 | Construir | Blacksmith |
| 12:16 | Investigar | Castle Age |
| 12:16 | Investigar | Castle Age |
| 12:31 | Construir | House |
| 13:11 | Investigar | Double-Bit Axe |
| 13:11 | Investigar | Double-Bit Axe |
| 13:22 | Construir | Barracks |
| 13:25 | Construir | Farm |
| 13:25 | Construir | Farm |
| 13:25 | Construir | Farm |
| 13:28 | Construir | Farm |
| 13:30 | Construir | Farm |
| 13:33 | Construir | Farm |
| 13:35 | Construir | Farm |
| 13:44 | Investigar | Horse Collar |
| 13:44 | Investigar | Horse Collar |
| 14:22 | Crear | Villager (Male) |
| 14:57 | Edad | Edad de los Castillos |
| 14:58 | Crear | Villager (Male) |
| 15:02 | Construir | Town Center |
| 15:05 | Construir | Town Center |
| 15:27 | Crear | Villager (Male) |
| 15:31 | Construir | Farm |
| 15:55 | Crear | Villager (Male) |
| 16:05 | Construir | Farm |
| 16:05 | Construir | Farm |
| 16:25 | Crear | Villager (Male) |
| 16:26 | Crear | Villager (Male) |
| 16:28 | Construir | Farm |
| 16:28 | Construir | Farm |
| 16:28 | Construir | Farm |
| 16:31 | Crear | Villager (Male) |
| 16:31 | Crear | Villager (Male) |
| 16:42 | Construir | University |
| 16:54 | Crear | Villager (Male) |
| 16:54 | Crear | Villager (Male) |
| 17:07 | Crear | Villager (Male) |
| 17:07 | Crear | Villager (Male) |
| 17:15 | Crear | Villager (Male) |
| 17:21 | Construir | Farm |
| 17:21 | Construir | Farm |
| 17:21 | Construir | Farm |
| 17:30 | Crear | Villager (Male) |
| 17:37 | Crear | Villager (Male) |
| 17:47 | Construir | Farm |
| 17:54 | Crear | Villager (Male) |
| 18:02 | Crear | Villager (Male) |
| 18:02 | Crear | Villager (Male) |
| 18:08 | Crear | Villager (Male) |
| 18:09 | Crear | Villager (Male) |
| 18:12 | Construir | Farm |
| 18:34 | Crear | Villager (Male) |
| 18:34 | Crear | Villager (Male) |
| 18:34 | Crear | Villager (Male) |
| 18:39 | Crear | Villager (Male) ×2 |
| 18:46 | Construir | Farm |
| 18:47 | Crear | Villager (Male) |
| 18:48 | Construir | Farm |
| 18:52 | Construir | Farm |
| 18:53 | Crear | Villager (Male) |
| 18:53 | Crear | Villager (Male) |
| 19:06 | Crear | Villager (Male) |
| 19:08 | Crear | Villager (Male) |
| 19:15 | Crear | Villager (Male) |
| 19:21 | Construir | Siege Workshop |
| 19:28 | Crear | Villager (Male) |
| 19:28 | Crear | Villager (Male) |
| 19:33 | Construir | House |
| 19:33 | Construir | House |
| 19:39 | Construir | House |
| 19:39 | Construir | House |
| 19:42 | Crear | Villager (Male) |
| 19:43 | Crear | Villager (Male) |
| 20:05 | Construir | Archery Range |
| 20:29 | Investigar | Bow Saw |
| 20:29 | Investigar | Bow Saw |
| 20:57 | Construir | Archery Range |
| 21:26 | Construir | Siege Workshop |
| 21:33 | Crear | Archer |
| 21:41 | Construir | House |
| 21:59 | Investigar | Imperial Age |
| 22:02 | Crear | Archer |
| 22:02 | Crear | Archer |
| 22:24 | Investigar | Fletching |
| 22:24 | Investigar | Fletching |
| 22:26 | Crear | Villager (Male) |
| 22:26 | Crear | Villager (Male) |
| 22:26 | Crear | Villager (Male) |
| 22:47 | Crear | Archer |
| 22:47 | Crear | Archer |
| 22:50 | Construir | Castle |
| 22:57 | Investigar | Crossbowman (upgrade) |
| 22:57 | Investigar | Crossbowman (upgrade) |
| 22:59 | Crear | Villager (Male) |
| 23:04 | Construir | House |
| 23:07 | Construir | Archery Range |
| 23:16 | Crear | Villager (Male) |
| 23:16 | Crear | Villager (Male) |
| 23:21 | Crear | Archer |
| 23:44 | Crear | Archer |
| 23:48 | Construir | Archery Range |
| 23:49 | Crear | Archer |
| 24:00 | Investigar | Gold Mining |
Cronología de la partida
| 9:42 | 新手上路 請多關照 · age_up feudal |
| 10:35 | 鱉魚88 · age_up feudal |
| 10:54 | 3Q9527 · age_up feudal |
| 10:56 | kenny yip · age_up feudal |
| 11:23 | 鯊魚89 · age_up feudal |
| 11:27 | warship22525 · age_up feudal |
| 11:30 | 鯊魚88 · age_up feudal |
| 11:46 | ahnimah · age_up feudal |
| 12:19 | 鯊魚89 · first_market_sell 100 wood |
| 12:21 | 鯊魚89 · first_market_buy 100 food |
| 13:22 | warship22525 · first_building Barracks |
| 13:28 | 新手上路 請多關照 · age_up castle |
| 13:31 | 鱉魚88 · first_market_buy 100 food |
| 14:32 | ahnimah · age_up castle |
| 14:34 | kenny yip · age_up castle |
| 14:44 | kenny yip · first_building Castle |
| 14:49 | 3Q9527 · age_up castle |
| 14:50 | 3Q9527 · first_building Siege Workshop |
| 14:57 | warship22525 · age_up castle |
| 15:04 | 鯊魚89 · age_up castle |
| 15:34 | 鯊魚88 · age_up castle |
| 16:30 | 鱉魚88 · age_up castle |
| 16:33 | 鱉魚88 · first_building Barracks |
| 16:44 | kenny yip · first_market_buy 100 food |
| 16:49 | 鱉魚88 · first_building Castle |
| 17:27 | 鯊魚89 · first_building Barracks |
| 17:56 | 新手上路 請多關照 · first_building Siege Workshop |
| 18:17 | 新手上路 請多關照 · first_market_sell 100 food |
| 18:32 | 鯊魚89 · first_building Archery Range |
| 19:21 | warship22525 · first_building Siege Workshop |
| 19:33 | 3Q9527 · first_market_sell 100 stone |
| 20:05 | warship22525 · first_building Archery Range |
| 21:10 | 鱉魚88 · first_building Stable |
| 21:26 | ahnimah · first_building Siege Workshop |
| 21:58 | warship22525 · first_market_sell 100 wood |
| 22:39 | 鯊魚88 · first_building Monastery |
| 22:50 | 新手上路 請多關照 · wall_segment Stone Wall x1 |
| 22:50 | warship22525 · first_building Castle |
| 24:04 | 鯊魚89 · first_building Stable |
| 24:25 | 新手上路 請多關照 · wall_segment Stone Wall x1 |
| 24:29 | ahnimah · first_building Castle |
| 24:54 | 鯊魚88 · first_market_sell 100 food |
| 25:09 | warship22525 · age_up imperial |
| 25:10 | kenny yip · first_building Barracks |
| 25:21 | 鱉魚88 · first_building Siege Workshop |
| 26:02 | 鯊魚88 · first_building Barracks |
| 26:15 | 鯊魚89 · first_building Siege Workshop |
| 26:16 | ahnimah · first_building Barracks |
| 26:42 | 鯊魚88 · first_building Stable |
| 26:50 | kenny yip · first_building Stable |
| 27:15 | warship22525 · first_market_buy 100 wood |
| 28:00 | 新手上路 請多關照 · first_market_buy 100 stone |
| 28:08 | ahnimah · age_up imperial |
| 28:36 | 鯊魚88 · age_up imperial |
| 30:43 | 鱉魚88 · first_building Archery Range |
| 31:11 | kenny yip · first_market_sell 100 food |
| 31:18 | 鯊魚88 · first_building Castle |
| 31:21 | ahnimah · first_market_sell 500 food |
| 31:35 | 鱉魚88 · wall_segment Stone Wall x6 |
| 32:40 | kenny yip · first_building Archery Range |
| 32:50 | 鱉魚88 · wall_segment Stone Wall x2 |
| 33:12 | 鱉魚88 · wall_segment Stone Wall x7 |
| 33:37 | kenny yip · first_building Siege Workshop |
| 34:20 | 3Q9527 · first_building Monastery |
| 34:22 | 鱉魚88 · age_up imperial |
| 34:47 | kenny yip · age_up imperial |
| 35:25 | 新手上路 請多關照 · first_building Monastery |
| 35:53 | 鱉魚88 · wall_segment Stone Wall x7 |
| 35:57 | 鯊魚88 · first_building Siege Workshop |
| 36:07 | 新手上路 請多關照 · first_building Castle |
| 36:17 | 3Q9527 · first_building Castle |
| 36:23 | 3Q9527 · first_market_buy 100 stone |
| 36:48 | 新手上路 請多關照 · first_building Barracks |
| 36:58 | 鱉魚88 · wall_segment Stone Wall x13 |
| 37:44 | 新手上路 請多關照 · first_building Archery Range |
| 39:15 | 新手上路 請多關照 · age_up imperial |
| 39:48 | 鯊魚89 · first_building Castle |
| 40:34 | 鱉魚88 · wall_segment Stone Wall x10 |
| 40:57 | 3Q9527 · age_up imperial |
| 40:59 | 鯊魚88 · first_building Archery Range |
| 41:02 | 鱉魚88 · wall_segment Stone Wall x1 |
| 41:42 | 鯊魚89 · age_up imperial |
| 42:56 | 3Q9527 · first_building Barracks |
| 44:56 | ahnimah · first_building Stable |
| 45:14 | 鱉魚88 · wall_segment Stone Wall x16 |
| 47:21 | 鱉魚88 · resign |
[ ANÁLISIS IA · 1 CRÉDITO ]
¿Qué pasó realmente en esta partida?
Wolo.gg analiza cada decisión: build order, eco, micro, errores típicos por bracket. Análisis personalizado por WhatsApp o Discord en 30 segundos.
Guía civ
Jemeres
Perfil
Jugador #5930662